Inferno vs Wolfes
(R1)
Created - January 24, 2021 at 19:23
Goals
|
Inferno |
2 |
2 |
2 |
0 |
6 |
Wolfes |
2 |
3 |
1 |
1 |
7 |
|
Shots
|
Inferno |
15 |
16 |
8 |
0 |
39 |
Wolfes |
7 |
14 |
11 |
1 |
33 |
|
1st period
1. Wolfes , Jeffrey Foss 2 (Joe Morrow 21) at 4:55
2. Wolfes , Alexandre Grenier 22 (Damon Severson 22, Martin Hanzal 30) at 5:38
3. Inferno , Evgeny Svechnikov 5 (Matthew Nieto 11, Tanner Pearson 28) at 14:28 (PP)
4. Inferno , Victor Rask 13 (Kevin Labanc 30, Tanner Pearson 29) at 17:00 (PP)
Penalties :
Jakub Zboril (RIM) for Tripping (Minor) at 12:37, Jamie Oleksiak (RIM) for Hooking (Minor) at 16:47, Tanner Pearson (Anc) for Interference (Minor) at 17:19
2nd period
5. Wolfes , Martin Hanzal 20 (Blake Pietila 38) at 2:29
6. Inferno , Esa Lindell 13 (Victor Rask 21, Michael Hutchinson) at 9:29 (PP)
7. Wolfes , Jamie Oleksiak 4 (Martin Hanzal 31, Blake Pietila 39) at 11:31 (PP)
8. Wolfes , Martin Hanzal 21 (Damon Severson 23) at 11:37
9. Inferno , Tanner Pearson 29 (Esa Lindell 38, Kevin Labanc 31) at 15:55 (PP)
Penalties :
Blake Pietila (RIM) for Holding (Minor) at 9:16, Jake DeBrusk (Anc) for Boarding (Minor) at 11:26, Jamie Oleksiak (RIM) for Holding (Minor) at 11:50, Alexandre Grenier (RIM) for Hooking (Minor) at 15:48, Jake DeBrusk (Anc) for Holding (Minor) at 16:56, Alexandre Grenier (RIM) for Holding (Minor) at 19:29
3rd period
10. Inferno , Kevin Labanc 18 (Frank Corrado 3, Greg Pateryn 12) at 7:43
11. Inferno , Petteri Lindbohm 1 (Matthew Nieto 12) at 9:53 (PP)
12. Wolfes , Kyle Rau 20 (Max Friberg 22, Lawson Crouse 9) at 13:43
Penalties :
David Savard (Anc) for Holding (Minor) at 2:46, Greg Pateryn (Anc) for Roughing (Minor) at 5:22, Joe Morrow (RIM) for Holding (Minor) at 9:15, Damon Severson (RIM) for Elbowing (Minor) at 15:08, Vladimir Sobotka (Anc) for Hooking (Minor) at 19:01
Overtime #1
13. Wolfes , Damon Severson 10 (Alexandre Grenier 30, Ebbe Siönäs) at 0:43 (PP)
Penalties :
No Penalty
Goalie Stats
Antti Raanta (Anc), 15 saves from 17 shots - (0.882), OTL, 6-4-2, 29:06 minutes
Michael Hutchinson (Anc), 11 saves from 16 shots - (0.688), 31:37 minutes
Ebbe Siönäs (RIM), 33 saves from 39 shots - (0.846), W, 5-4-1, 60:43 minutes
Players Stats for Inferno
Player Name G A P +/- PIM S H SB GA TA FO MP PP MP PK MP
------------------------------------------------------------------------------------
Barclay Goodrow 0 0 0 0 0 1 0 0 0 1 1/1 7:38 0:00 0:00
Bryan Rust 0 0 0 -2 0 2 1 0 1 2 2/2 21:20 0:00 6:21
Chris Brown 0 0 0 -2 0 1 0 0 0 0 2/9 13:16 3:52 0:46
David Savard 0 0 0 -1 2 3 2 0 1 1 0/0 29:21 5:21 6:10
Esa Lindell 1 1 2 0 0 4 2 1 0 0 0/0 19:42 3:28 3:30
Evgeny Svechnikov 1 0 1 -2 0 1 2 0 0 0 1/1 12:13 3:52 0:00
Frank Corrado 0 1 1 -1 0 1 1 1 0 0 0/0 15:41 3:38 1:28
Greg Pateryn 0 1 1 -2 2 1 1 3 1 4 0/0 20:24 1:53 2:26
Jake DeBrusk 0 0 0 -2 4 6 0 0 0 1 0/0 11:16 0:00 2:24
Kevin Labanc 1 2 3 0 0 1 1 0 3 0 1/4 17:56 5:07 2:03
Mathieu Brodeur 0 0 0 -1 0 3 0 2 1 0 0/0 22:13 0:00 4:55
Matthew Nieto 0 2 2 0 0 3 1 0 0 1 1/1 14:34 3:52 0:06
Peter Cehlarik 0 0 0 0 0 1 0 0 0 0 0/0 7:38 0:00 0:00
Petteri Lindbohm 1 0 1 -2 0 3 0 0 2 0 0/0 14:26 3:38 0:55
Ryan Spooner 0 0 0 0 0 2 0 0 0 0 2/3 9:37 0:00 1:58
Tanner Pearson 1 2 3 -2 2 1 1 0 1 0 0/1 20:17 5:07 0:00
Victor Rask 1 1 2 -1 0 2 0 1 0 0 8/18 15:31 5:07 0:00
Vladimir Sobotka 0 0 0 -2 2 3 3 1 0 0 14/35 20:01 0:00 5:03
Players Stats for Wolfes
Player Name G A P +/- PIM S H SB GA TA FO MP PP MP PK MP
------------------------------------------------------------------------------------
Alexandre Grenier 1 1 2 3 4 3 1 0 0 1 2/2 24:54 5:08 4:34
Anton Karlsson 0 0 0 1 0 0 0 1 0 0 0/0 7:12 0:00 0:00
Anton Lindholm 0 0 0 1 0 0 1 0 0 2 0/0 8:14 0:00 0:00
Benn Ferriero 0 0 0 -1 0 1 2 0 0 1 1/1 8:08 0:00 0:00
Blake Pietila 0 2 2 3 2 1 2 0 0 0 2/2 22:01 5:08 2:11
Damon Severson 1 2 3 3 2 3 2 2 0 0 0/0 31:12 5:08 5:11
Eric Robinson 0 0 0 -1 0 0 0 0 0 0 0/1 8:08 0:00 0:00
Jakub Zboril 0 0 0 1 2 0 0 0 0 0 0/0 11:43 0:00 2:49
Jamie Oleksiak 1 0 1 3 4 2 1 5 2 2 0/0 31:11 5:08 4:58
Jeffrey Foss 1 0 1 0 0 4 1 4 1 1 0/0 19:45 3:51 2:30
Joe Morrow 0 1 1 0 2 0 1 1 0 1 0/0 19:44 3:51 2:30
Kyle Rau 1 0 1 1 0 4 1 1 2 1 5/12 15:53 3:51 0:00
Lawson Crouse 0 1 1 1 0 2 2 1 0 1 1/1 16:52 3:51 1:10
Martin Hanzal 2 2 4 3 0 7 2 0 2 0 28/49 25:57 5:08 6:05
Matthew Highmore 0 0 0 1 0 1 0 0 0 0 1/2 7:12 0:00 0:00
Max Friberg 0 1 1 1 0 0 3 0 0 0 0/0 17:58 3:51 1:56
Sebastian Aho 0 0 0 -1 0 2 1 0 2 0 3/4 8:57 0:00 0:30
Victor Olofsson 0 0 0 1 0 3 0 0 1 0 0/1 8:44 0:00 1:32
3 Stars
1 - Martin Hanzal (RIM)
2 - Damon Severson (RIM)
3 - Kevin Labanc (Anc)
Power Play
Inferno - 5 on 8 Attempt(s) - 62.50%
Wolfes - 2 on 6 Attempt(s) - 33.33%
Penalty Kill
Inferno - 4 on 6 Attempt(s) - 66.67%
- Score 0 goal in Penalty Kill
Wolfes - 3 on 8 Attempt(s) - 37.50%
- Score 0 goal in Penalty Kill
Team Stat
Inferno - Hits : 15 - Faceoff Wins : 32 - Blocked Shots : 9 - Penalty Minutes : 12
Wolfes - Hits : 20 - Faceoff Wins : 43 - Blocked Shots : 15 - Penalty Minutes : 16
Official
Referees : Unknown
Linesman : Unknown
Game Notes
Antti Raanta enters game at 11:37 of 2nd period
Esa Lindell is injured at 3:19 of 3rd period (Broken Right Foot Toe)
Finance
Level 1 -- Attendance: 1257 (62.85%) -- Ticket Income $50,280
Level 2 -- Attendance: 660 (66.00%) -- Ticket Income $13,200
Total Attendance: 1917 (63.90%)
Total Ticket Income: $63,480
Other Income: $3,174
Total Income: $66,654
Inferno
5 vs 5 Forward
Center Left Wing Right Wing Time % Phy DF OF
1 Vladimir Sobotka Tanner Pearson Bryan Rust 40 1 2 2
2 Victor Rask Matthew Nieto Kevin Labanc 30 1 2 2
3 Chris Brown Jake DeBrusk Evgeny Svechnikov 20 1 2 2
4 Ryan Spooner Peter Cehlarik Barclay Goodrow 10 1 2 2
5 vs 5 Defense
Defense Defense Time % Phy DF OF
1 David Savard Esa Lindell 40 1 2 2
2 Greg Pateryn Mathieu Brodeur 30 1 2 2
3 Frank Corrado Petteri Lindbohm 20 1 2 2
4 Greg Pateryn Mathieu Brodeur 10 1 2 2
PowerPlay Forward
Center Left Wing Right Wing Time % Phy DF OF
1 Victor Rask Tanner Pearson Kevin Labanc 60 1 2 2
2 Chris Brown Matthew Nieto Evgeny Svechnikov 40 1 2 2
PowerPlay Defense
Defense Defense Time % Phy DF OF
1 David Savard Esa Lindell 60 1 2 2
2 Frank Corrado Petteri Lindbohm 40 1 2 2
Penalty Kill 4 Players Forward
Center Wing Time % Phy DF OF
1 Vladimir Sobotka Bryan Rust 60 1 2 2
2 Ryan Spooner Jake DeBrusk 40 1 2 2
Penalty Kill 4 Players Defense
Defense Defense Time % Phy DF OF
1 David Savard Esa Lindell 60 1 2 2
2 Greg Pateryn Mathieu Brodeur 40 1 2 2
Penalty Kill - 3 Players Forward
Forward Time % Phy DF OF
1 Bryan Rust 60 1 2 2
2 Vladimir Sobotka 40 1 2 2
Penalty Kill - 3 Players Defense
Defense Defense Time % Phy DF OF
1 David Savard Esa Lindell 60 1 2 2
2 Greg Pateryn Mathieu Brodeur 40 1 2 2
4 vs 4 Forward
Center Wing Time % Phy DF OF
1 Vladimir Sobotka Tanner Pearson 60 1 2 2
2 Victor Rask Bryan Rust 40 1 2 2
4 vs 4 Defense
Defense Defense Time % Phy DF OF
1 David Savard Esa Lindell 60 1 2 2
2 Greg Pateryn Mathieu Brodeur 40 1 2 2
Last Minutes Offensive
Center Left Wing Right Wing Defense Defense
Vladimir Sobotka Tanner Pearson Bryan Rust David Savard Esa Lindell
Last Minutes Defensive
Center Left Wing Right Wing Defense Defense
Vladimir Sobotka Tanner Pearson Bryan Rust David Savard Esa Lindell
Goaltenders
Starting : Michael Hutchinson
Backup : Antti Raanta
Extra Forwards
Normal : Tanner Pearson, Bryan Rust, Kevin Labanc - PP : Jake DeBrusk, Evgeny Svechnikov - PK : Kevin Labanc
Extra Defensemen
Normal : Mathieu Brodeur, Greg Pateryn, Frank Corrado - PP : Greg Pateryn - PK : Mathieu Brodeur, Greg Pateryn
Penalty Shots
Tanner Pearson, Kevin Labanc, Evgeny Svechnikov, Matthew Nieto, Jake DeBrusk
Scratches
Philip Varone (Sprained Left Ankle Injury), Rasmus Andersson (Healthy), Tyler Shattock (Healthy), Christian Jaros (Healthy), Trevor Carrick (Healthy)
Alexander True (Healthy), Eric Karlsson (Healthy), John Gilmour (Healthy), Ryan Donato (Healthy), Vladislav Kamenev (Healthy)
Dominik Masin (Healthy), Brandon Hickey (Healthy), Nathan Lieuwen (Healthy), Vitek Vanecek (Healthy)
Wolfes
5 vs 5 Forward
Center Left Wing Right Wing Time % Phy DF OF
1 Martin Hanzal Blake Pietila Alexandre Grenier 40 1 2 2
2 Kyle Rau Lawson Crouse Max Friberg 30 1 2 2
3 Sebastian Aho Eric Robinson Benn Ferriero 20 1 2 2
4 Matthew Highmore Anton Karlsson Victor Olofsson 10 1 2 2
5 vs 5 Defense
Defense Defense Time % Phy DF OF
1 Jamie Oleksiak Damon Severson 40 1 2 2
2 Jeffrey Foss Joe Morrow 30 1 2 2
3 Anton Lindholm Jakub Zboril 20 1 2 2
4 Jamie Oleksiak Damon Severson 10 1 2 2
PowerPlay Forward
Center Left Wing Right Wing Time % Phy DF OF
1 Martin Hanzal Blake Pietila Alexandre Grenier 60 1 2 2
2 Kyle Rau Lawson Crouse Max Friberg 40 1 2 2
PowerPlay Defense
Defense Defense Time % Phy DF OF
1 Jamie Oleksiak Damon Severson 60 1 2 2
2 Jeffrey Foss Joe Morrow 40 1 2 2
Penalty Kill 4 Players Forward
Center Wing Time % Phy DF OF
1 Martin Hanzal Alexandre Grenier 60 1 2 2
2 Blake Pietila Max Friberg 40 1 2 2
Penalty Kill 4 Players Defense
Defense Defense Time % Phy DF OF
1 Jamie Oleksiak Damon Severson 60 1 2 2
2 Jeffrey Foss Joe Morrow 40 1 2 2
Penalty Kill - 3 Players Forward
Forward Time % Phy DF OF
1 Martin Hanzal 60 1 2 2
2 Alexandre Grenier 40 1 2 2
Penalty Kill - 3 Players Defense
Defense Defense Time % Phy DF OF
1 Jamie Oleksiak Damon Severson 60 1 2 2
2 Jeffrey Foss Joe Morrow 40 1 2 2
4 vs 4 Forward
Center Wing Time % Phy DF OF
1 Martin Hanzal Alexandre Grenier 60 1 2 2
2 Blake Pietila Max Friberg 40 1 2 2
4 vs 4 Defense
Defense Defense Time % Phy DF OF
1 Jamie Oleksiak Damon Severson 60 1 2 2
2 Jeffrey Foss Joe Morrow 40 1 2 2
Last Minutes Offensive
Center Left Wing Right Wing Defense Defense
Martin Hanzal Blake Pietila Alexandre Grenier Jamie Oleksiak Damon Severson
Last Minutes Defensive
Center Left Wing Right Wing Defense Defense
Martin Hanzal Blake Pietila Alexandre Grenier Jamie Oleksiak Damon Severson
Goaltenders
Starting : Ebbe Siönäs
Backup : Laurent Brossoit
Extra Forwards
Normal : Benn Ferriero, Sebastian Aho, Victor Olofsson - PP : Benn Ferriero, Sebastian Aho - PK : Victor Olofsson
Extra Defensemen
Normal : Anton Lindholm, Jakub Zboril, Jeffrey Foss - PP : Anton Lindholm - PK : Jakub Zboril, Jeffrey Foss
Penalty Shots
Martin Hanzal, Alexandre Grenier, Blake Pietila, Max Friberg, Kyle Rau
Scratches
Kevin Stenlund (Healthy), Zachary Senyshyn (Healthy), Thomas Spelling (Healthy), Louis Belpedio (Healthy), Cameron Darcy (Healthy)
Fredrik Olofsson (Healthy), Michael Stone (Healthy), Nolan Vesey (Healthy), Vaclav Karabacek (Healthy), Kyle Pettit (Healthy)
Dylan Sadowy (Healthy)
% Time on Ice - Inferno
Lines # - Real PCT - Wanted PCT - Time Play
Normal Forward
1 - 38% - 40% - 15:50
2 - 24% - 30% - 10:15
3 - 20% - 20% - 8:19
4 - 18% - 10% - 7:38
Normal Defense
1 - 43% - 40% - 18:10
2 - 29% - 30% - 12:17
3 - 23% - 20% - 9:33
4 - 5% - 10% - 2:02
PP Forward
1 - 57% - 60% - 5:07
2 - 43% - 40% - 3:52
PP Defense
1 - 60% - 60% - 5:21
2 - 40% - 40% - 3:38
PK Forward
1 - 78% - 60% - 7:01
2 - 22% - 40% - 1:58
PK Defense
1 - 83% - 60% - 7:26
2 - 17% - 40% - 1:33
PK3 Forward
1 - 88% - 60% - 0:38
2 - 12% - 40% - 0:05
PK3 Defense
1 - 100% - 60% - 0:43
2 - 0% - 40% - 0:00
44 Forward
1 - 0% - 60%
2 - 0% - 40%
44 Defense
1 - 0% - 60%
2 - 0% - 40%
Last Minute Offensive - 0:00
Last Minute Defensive - 0:00
Total
Forward - 60:43
Defense - 60:43
|
% Time on Ice - Wolfes
Lines # - Real PCT - Wanted PCT - Time Play
Normal Forward
1 - 35% - 40% - 14:36
2 - 29% - 30% - 12:06
3 - 19% - 20% - 8:08
4 - 17% - 10% - 7:12
Normal Defense
1 - 45% - 40% - 18:52
2 - 32% - 30% - 13:24
3 - 20% - 20% - 8:14
4 - 4% - 10% - 1:32
PP Forward
1 - 57% - 60% - 5:08
2 - 43% - 40% - 3:51
PP Defense
1 - 57% - 60% - 5:08
2 - 43% - 40% - 3:51
PK Forward
1 - 78% - 60% - 7:03
2 - 22% - 40% - 1:56
PK Defense
1 - 72% - 60% - 6:29
2 - 28% - 40% - 2:30
PK3 Forward
1 - 0% - 60%
2 - 0% - 40%
PK3 Defense
1 - 0% - 60%
2 - 0% - 40%
44 Forward
1 - 88% - 60% - 0:38
2 - 12% - 40% - 0:05
44 Defense
1 - 100% - 60% - 0:43
2 - 0% - 40% - 0:00
Last Minute Offensive - 0:00
Last Minute Defensive - 0:00
Total
Forward - 60:43
Defense - 60:43
|
Play-by-Play
1st period
0:01 of 1st period - Vladimir Sobotka wins face-off versus Martin Hanzal in neutral zone.
0:25 of 1st period - Martin Hanzal is hit by Esa Lindell.
0:57 of 1st period - Martin Hanzal is hit by David Savard.
1:09 of 1st period - Slapshot by Blake Pietila.
1:09 of 1st period - Shot Blocked by Vladimir Sobotka.
1:12 of 1st period - Icing by Bryan Rust.
1:13 of 1st period - Vladimir Sobotka wins face-off versus Kyle Rau in Inferno zone.
1:13 of 1st period - Vladimir Sobotka is hit by Max Friberg.
1:25 of 1st period - Snap shot by Tanner Pearson.
1:25 of 1st period - Shot Misses the Net.
1:27 of 1st period - Wrist shot by Esa Lindell.
1:27 of 1st period - Stopped by Ebbe Siönäs with a rebound.
1:29 of 1st period - Slapshot by Bryan Rust.
1:29 of 1st period - Shot Blocked by Jeffrey Foss.
1:41 of 1st period - Wrist shot by Esa Lindell.
1:41 of 1st period - Shot Misses the Net.
1:43 of 1st period - Slapshot by David Savard.
1:43 of 1st period - Stopped by Ebbe Siönäs with a rebound.
1:45 of 1st period - Wrist shot by Vladimir Sobotka.
1:45 of 1st period - Stopped by Ebbe Siönäs with a rebound.
1:47 of 1st period - Snap shot by Vladimir Sobotka.
1:47 of 1st period - Stopped by Ebbe Siönäs with a rebound.
1:49 of 1st period - Slapshot by Esa Lindell.
1:49 of 1st period - Stopped by Ebbe Siönäs without a rebound.
1:50 of 1st period - Victor Rask wins face-off versus Sebastian Aho in Wolfes zone.
2:21 of 1st period - Snap shot by Jake DeBrusk.
2:21 of 1st period - Stopped by Ebbe Siönäs with a rebound.
2:23 of 1st period - Slapshot by Petteri Lindbohm.
2:23 of 1st period - Stopped by Ebbe Siönäs with a rebound.
2:25 of 1st period - Slapshot by Petteri Lindbohm.
2:25 of 1st period - Stopped by Ebbe Siönäs with a rebound.
3:33 of 1st period - Mathieu Brodeur is hit by Jeffrey Foss and loses puck.
4:31 of 1st period - Snap shot by Victor Olofsson.
4:31 of 1st period - Shot Misses the Net.
4:33 of 1st period - Slapshot by Jeffrey Foss.
4:33 of 1st period - Deflect By Matthew Highmore.
4:33 of 1st period - Shot Misses the Net.
4:33 of 1st period - Puck is out of play.
4:34 of 1st period - Bryan Rust wins face-off versus Matthew Highmore in Inferno zone.
4:55 of 1st period - Slapshot by Jeffrey Foss.
4:55 of 1st period - Goal by Jeffrey Foss - Inferno : 0 - Wolfes : 1.
4:56 of 1st period - Kyle Rau wins face-off versus Victor Rask in neutral zone.
4:59 of 1st period - Wrist shot by Damon Severson.
4:59 of 1st period - Stopped by Michael Hutchinson without a rebound.
5:00 of 1st period - Matthew Nieto wins face-off versus Kyle Rau in Inferno zone.
5:07 of 1st period - Greg Pateryn is hit by Damon Severson and loses puck.
5:34 of 1st period - Snap shot by Martin Hanzal.
5:34 of 1st period - Shot Blocked by Greg Pateryn.
5:36 of 1st period - Slapshot by Damon Severson.
5:36 of 1st period - Shot Blocked by Greg Pateryn.
5:38 of 1st period - Snap shot by Alexandre Grenier.
5:38 of 1st period - Goal by Alexandre Grenier - Inferno : 0 - Wolfes : 2.
5:39 of 1st period - Victor Rask wins face-off versus Martin Hanzal in neutral zone.
6:08 of 1st period - Jamie Oleksiak is hit by Vladimir Sobotka and loses puck.
6:21 of 1st period - Greg Pateryn is hit by Damon Severson and loses puck.
6:42 of 1st period - Slapshot by Jake DeBrusk.
6:42 of 1st period - Stopped by Ebbe Siönäs with a rebound.
6:44 of 1st period - Snap shot by Esa Lindell.
6:44 of 1st period - Shot Blocked by Jamie Oleksiak.
7:20 of 1st period - Matthew Nieto is hit by Anton Lindholm and loses puck.
7:35 of 1st period - Joe Morrow is hit by Tanner Pearson and loses puck.
8:03 of 1st period - Max Friberg is hit by David Savard and loses puck.
8:10 of 1st period - David Savard is hit by Max Friberg and loses puck.
8:21 of 1st period - Blake Pietila is hit by Evgeny Svechnikov and loses puck.
8:26 of 1st period - Wrist shot by Jake DeBrusk.
8:26 of 1st period - Stopped by Ebbe Siönäs with a rebound.
8:28 of 1st period - Slapshot by Esa Lindell.
8:28 of 1st period - Shot Blocked by Joe Morrow.
8:30 of 1st period - Backhand shot by David Savard.
8:30 of 1st period - Stopped by Ebbe Siönäs with a rebound.
8:32 of 1st period - Slapshot by David Savard.
8:32 of 1st period - Shot Misses the Net.
8:44 of 1st period - Snap shot by Victor Olofsson.
8:44 of 1st period - Deflect By Matthew Highmore.
8:44 of 1st period - Stopped by Michael Hutchinson without a rebound.
8:45 of 1st period - Matthew Highmore wins face-off versus Victor Rask in Inferno zone.
9:46 of 1st period - Snap shot by Kevin Labanc.
9:46 of 1st period - Shot Misses the Net.
9:48 of 1st period - Snap shot by Kevin Labanc.
9:48 of 1st period - Shot Blocked by Damon Severson.
9:50 of 1st period - Snap shot by Kevin Labanc.
9:50 of 1st period - Shot Misses the Net.
10:36 of 1st period - Snap shot by Matthew Nieto.
10:36 of 1st period - Shot Blocked by Anton Karlsson.
10:49 of 1st period - Off-side.
10:50 of 1st period - Vladimir Sobotka wins face-off versus Martin Hanzal in neutral zone.
11:22 of 1st period - Slapshot by Evgeny Svechnikov.
11:22 of 1st period - Shot Blocked by Kyle Rau.
11:56 of 1st period - Greg Pateryn is hit by Blake Pietila.
12:31 of 1st period - Off-side.
12:32 of 1st period - Ryan Spooner wins face-off versus Kyle Rau in neutral zone.
12:35 of 1st period - Slapshot by Mathieu Brodeur.
12:35 of 1st period - Stopped by Ebbe Siönäs with a rebound.
12:37 of 1st period - Minor Penalty to Jakub Zboril for Tripping.
12:38 of 1st period - Chris Brown wins face-off versus Martin Hanzal in Wolfes zone.
12:51 of 1st period - Snap shot by Alexandre Grenier.
12:51 of 1st period - Deflect By Martin Hanzal.
12:51 of 1st period - Stopped by Michael Hutchinson without a rebound.
12:52 of 1st period - Martin Hanzal wins face-off versus Victor Rask in Inferno zone.
13:47 of 1st period - Icing by Chris Brown.
13:48 of 1st period - Alexandre Grenier wins face-off versus Chris Brown in Inferno zone.
14:10 of 1st period - Icing by Petteri Lindbohm.
14:11 of 1st period - Martin Hanzal wins face-off versus Victor Rask in Inferno zone.
14:28 of 1st period - Slapshot by Evgeny Svechnikov.
14:28 of 1st period - Goal by Evgeny Svechnikov - Inferno : 1 - Wolfes : 2.
14:29 of 1st period - Kyle Rau wins face-off versus Vladimir Sobotka in neutral zone.
15:55 of 1st period - Jeffrey Foss is hit by Vladimir Sobotka and loses puck.
16:00 of 1st period - Wrist shot by Bryan Rust.
16:00 of 1st period - Shot Blocked by Jeffrey Foss.
16:20 of 1st period - Snap shot by Chris Brown.
16:20 of 1st period - Shot Blocked by Jeffrey Foss.
16:34 of 1st period - Alexandre Grenier is hit by Greg Pateryn.
16:40 of 1st period - Snap shot by Matthew Nieto.
16:40 of 1st period - Stopped by Ebbe Siönäs without a rebound.
16:41 of 1st period - Vladimir Sobotka wins face-off versus Martin Hanzal in Wolfes zone.
16:47 of 1st period - Minor Penalty to Jamie Oleksiak for Hooking.
16:48 of 1st period - Martin Hanzal wins face-off versus Victor Rask in Wolfes zone.
17:00 of 1st period - Snap shot by Victor Rask.
17:00 of 1st period - Goal by Victor Rask - Inferno : 2 - Wolfes : 2.
17:01 of 1st period - Vladimir Sobotka wins face-off versus Martin Hanzal in neutral zone.
17:19 of 1st period - Minor Penalty to Tanner Pearson for Interference.
17:20 of 1st period - Martin Hanzal wins face-off versus Vladimir Sobotka in Inferno zone.
17:30 of 1st period - Wrist shot by Martin Hanzal.
17:30 of 1st period - Stopped by Michael Hutchinson with a rebound.
19:19 of 1st period - Penalty to Tanner Pearson is over, Tanner Pearson is back on ice.
19:35 of 1st period - Slapshot by Benn Ferriero.
19:35 of 1st period - Stopped by Michael Hutchinson without a rebound.
19:36 of 1st period - Victor Rask wins face-off versus Eric Robinson in Inferno zone.
Goals for this period are 2 for Inferno vs 2 for Wolfes.
Shots for this period are 15 for Inferno vs 7 for Wolfes.
2nd period
0:01 of 2nd period - Alexandre Grenier wins face-off versus Vladimir Sobotka in neutral zone.
0:17 of 2nd period - Snap shot by Martin Hanzal.
0:17 of 2nd period - Shot Blocked by Esa Lindell.
0:51 of 2nd period - Snap shot by Sebastian Aho.
0:51 of 2nd period - Shot Blocked by Victor Rask.
1:42 of 2nd period - Off-side.
1:43 of 2nd period - Lawson Crouse wins face-off versus Vladimir Sobotka in neutral zone.
2:08 of 2nd period - Vladimir Sobotka is hit by Benn Ferriero and loses puck.
2:19 of 2nd period - Slapshot by Sebastian Aho.
2:19 of 2nd period - Shot Hit the Post.
2:21 of 2nd period - Slapshot by Jamie Oleksiak.
2:21 of 2nd period - Deflect By Sebastian Aho.
2:21 of 2nd period - Shot Misses the Net.
2:21 of 2nd period - Puck is out of play.
2:22 of 2nd period - Martin Hanzal wins face-off versus Kevin Labanc in Inferno zone.
2:25 of 2nd period - Backhand shot by Blake Pietila.
2:25 of 2nd period - Shot Misses the Net.
2:27 of 2nd period - Backhand shot by Martin Hanzal.
2:27 of 2nd period - Stopped by Michael Hutchinson with a rebound.
2:29 of 2nd period - Snap shot by Martin Hanzal.
2:29 of 2nd period - Goal by Martin Hanzal - Inferno : 2 - Wolfes : 3.
2:30 of 2nd period - Vladimir Sobotka wins face-off versus Martin Hanzal in neutral zone.
2:33 of 2nd period - Jamie Oleksiak is hit by Vladimir Sobotka and loses puck.
4:21 of 2nd period - Snap shot by Max Friberg.
4:21 of 2nd period - Shot Blocked by Mathieu Brodeur.
4:23 of 2nd period - Snap shot by Kyle Rau.
4:23 of 2nd period - Shot Misses the Net.
4:25 of 2nd period - Slapshot by Jeffrey Foss.
4:25 of 2nd period - Deflect By Chris Brown.
4:25 of 2nd period - Stopped by Michael Hutchinson without a rebound.
4:26 of 2nd period - Martin Hanzal wins face-off versus Tanner Pearson in Inferno zone.
5:03 of 2nd period - Lawson Crouse is hit by Esa Lindell and loses puck.
5:20 of 2nd period - Snap shot by Jake DeBrusk.
5:20 of 2nd period - Shot Misses the Net.
5:25 of 2nd period - Snap shot by Jake DeBrusk.
5:25 of 2nd period - Shot Misses the Net.
5:27 of 2nd period - Snap shot by Evgeny Svechnikov.
5:27 of 2nd period - Shot Misses the Net.
5:29 of 2nd period - Slapshot by Evgeny Svechnikov.
5:29 of 2nd period - Deflect By Jake DeBrusk.
5:29 of 2nd period - Stopped by Ebbe Siönäs with a rebound.
5:31 of 2nd period - Slapshot by David Savard.
5:31 of 2nd period - Shot Hit the Post.
5:41 of 2nd period - Slapshot by Damon Severson.
5:41 of 2nd period - Stopped by Michael Hutchinson with a rebound.
5:43 of 2nd period - Slapshot by Damon Severson.
5:43 of 2nd period - Shot Blocked by Mathieu Brodeur.
6:07 of 2nd period - Snap shot by Mathieu Brodeur.
6:07 of 2nd period - Stopped by Ebbe Siönäs with a rebound.
6:21 of 2nd period - Greg Pateryn is hit by Kyle Rau and loses puck.
6:40 of 2nd period - Greg Pateryn is hit by Benn Ferriero and loses puck.
6:47 of 2nd period - Snap shot by Benn Ferriero.
6:47 of 2nd period - Shot Misses the Net.
7:07 of 2nd period - Snap shot by Jake DeBrusk.
7:07 of 2nd period - Stopped by Ebbe Siönäs with a rebound.
7:09 of 2nd period - Slapshot by Chris Brown.
7:09 of 2nd period - Stopped by Ebbe Siönäs with a rebound.
7:11 of 2nd period - Wrist shot by Chris Brown.
7:11 of 2nd period - Shot Blocked by Jamie Oleksiak.
7:33 of 2nd period - Icing by Frank Corrado.
7:34 of 2nd period - Ryan Spooner wins face-off versus Kyle Rau in Inferno zone.
7:34 of 2nd period - Petteri Lindbohm is hit by Max Friberg.
7:37 of 2nd period - Ryan Spooner is hit by Lawson Crouse and loses puck.
8:00 of 2nd period - Wrist shot by Peter Cehlarik.
8:00 of 2nd period - Stopped by Ebbe Siönäs with a rebound.
8:08 of 2nd period - Snap shot by Ryan Spooner.
8:08 of 2nd period - Deflect By Peter Cehlarik.
8:08 of 2nd period - Shot Blocked by Jeffrey Foss.
8:08 of 2nd period - Puck is out of play.
8:09 of 2nd period - Martin Hanzal wins face-off versus Vladimir Sobotka in Wolfes zone.
8:22 of 2nd period - Slapshot by Tanner Pearson.
8:22 of 2nd period - Shot Misses the Net.
8:24 of 2nd period - Snap shot by Vladimir Sobotka.
8:24 of 2nd period - Shot Misses the Net.
8:26 of 2nd period - Snap shot by Vladimir Sobotka.
8:26 of 2nd period - Stopped by Ebbe Siönäs without a rebound.
8:27 of 2nd period - Kyle Rau wins face-off versus Victor Rask in Wolfes zone.
8:52 of 2nd period - Greg Pateryn is hit by Martin Hanzal and loses puck.
8:57 of 2nd period - Snap shot by Martin Hanzal.
8:57 of 2nd period - Stopped by Michael Hutchinson without a rebound.
8:58 of 2nd period - Vladimir Sobotka wins face-off versus Martin Hanzal in Inferno zone.
9:16 of 2nd period - Minor Penalty to Blake Pietila for Holding.
9:17 of 2nd period - Victor Rask wins face-off versus Martin Hanzal in Wolfes zone.
9:29 of 2nd period - Slapshot by Esa Lindell.
9:29 of 2nd period - Goal by Esa Lindell - Inferno : 3 - Wolfes : 3.
9:30 of 2nd period - Martin Hanzal wins face-off versus Vladimir Sobotka in neutral zone.
10:11 of 2nd period - Icing by David Savard.
10:12 of 2nd period - Kyle Rau wins face-off versus Vladimir Sobotka in Inferno zone.
10:33 of 2nd period - Wrist shot by Bryan Rust.
10:33 of 2nd period - Stopped by Ebbe Siönäs with a rebound.
10:53 of 2nd period - Slapshot by Bryan Rust.
10:53 of 2nd period - Stopped by Ebbe Siönäs without a rebound.
10:54 of 2nd period - Victor Rask wins face-off versus Martin Hanzal in Wolfes zone.
11:07 of 2nd period - Wrist shot by Alexandre Grenier.
11:07 of 2nd period - Stopped by Michael Hutchinson without a rebound.
11:08 of 2nd period - Martin Hanzal wins face-off versus Chris Brown in Inferno zone.
11:26 of 2nd period - Minor Penalty to Jake DeBrusk for Boarding.
11:27 of 2nd period - Martin Hanzal wins face-off versus Vladimir Sobotka in Inferno zone.
11:29 of 2nd period - Snap shot by Martin Hanzal.
11:29 of 2nd period - Stopped by Michael Hutchinson with a rebound.
11:31 of 2nd period - Wrist shot by Jamie Oleksiak.
11:31 of 2nd period - Goal by Jamie Oleksiak - Inferno : 3 - Wolfes : 4.
11:32 of 2nd period - Martin Hanzal wins face-off versus Vladimir Sobotka in neutral zone.
11:35 of 2nd period - Backhand shot by Damon Severson.
11:35 of 2nd period - Shot Misses the Net.
11:37 of 2nd period - Backhand shot by Martin Hanzal.
11:37 of 2nd period - Goal by Martin Hanzal - Inferno : 3 - Wolfes : 5.
11:37 of 2nd period - Antti Raanta enters game.
11:38 of 2nd period - Vladimir Sobotka wins face-off versus Martin Hanzal in neutral zone.
11:50 of 2nd period - Minor Penalty to Jamie Oleksiak for Holding.
11:51 of 2nd period - Victor Rask wins face-off versus Martin Hanzal in Wolfes zone.
12:30 of 2nd period - Slapshot by Esa Lindell.
12:30 of 2nd period - Stopped by Ebbe Siönäs without a rebound.
12:31 of 2nd period - Victor Rask wins face-off versus Martin Hanzal in Wolfes zone.
12:48 of 2nd period - Alexandre Grenier is hit by Kevin Labanc and loses puck.
13:01 of 2nd period - Victor Rask is hit by Blake Pietila and loses puck.
13:50 of 2nd period - Penalty to Jamie Oleksiak is over, Jamie Oleksiak is back on ice.
13:58 of 2nd period - Snap shot by Ryan Spooner.
13:58 of 2nd period - Stopped by Ebbe Siönäs with a rebound.
14:00 of 2nd period - Wrist shot by Ryan Spooner.
14:00 of 2nd period - Shot Misses the Net.
14:02 of 2nd period - Slapshot by Mathieu Brodeur.
14:02 of 2nd period - Stopped by Ebbe Siönäs without a rebound.
14:03 of 2nd period - Barclay Goodrow wins face-off versus Kyle Rau in Wolfes zone.
14:47 of 2nd period - Slapshot by Peter Cehlarik.
14:47 of 2nd period - Shot Misses the Net.
15:15 of 2nd period - Snap shot by Ryan Spooner.
15:15 of 2nd period - Shot Misses the Net.
15:31 of 2nd period - Snap shot by Ryan Spooner.
15:31 of 2nd period - Stopped by Ebbe Siönäs without a rebound.
15:32 of 2nd period - Martin Hanzal wins face-off versus Vladimir Sobotka in Wolfes zone.
15:48 of 2nd period - Minor Penalty to Alexandre Grenier for Hooking.
15:49 of 2nd period - Victor Rask wins face-off versus Martin Hanzal in Wolfes zone.
15:55 of 2nd period - Snap shot by Esa Lindell.
15:55 of 2nd period - Deflect By Tanner Pearson.
15:55 of 2nd period - Goal by Tanner Pearson - Inferno : 4 - Wolfes : 5.
15:56 of 2nd period - Martin Hanzal wins face-off versus Vladimir Sobotka in neutral zone.
16:56 of 2nd period - Minor Penalty to Jake DeBrusk for Holding.
16:57 of 2nd period - Vladimir Sobotka wins face-off versus Martin Hanzal in Inferno zone.
16:57 of 2nd period - Vladimir Sobotka is hit by Joe Morrow.
17:10 of 2nd period - Snap shot by Blake Pietila.
17:10 of 2nd period - Stopped by Antti Raanta without a rebound.
17:11 of 2nd period - Martin Hanzal wins face-off versus Vladimir Sobotka in Inferno zone.
18:01 of 2nd period - Icing by Martin Hanzal.
18:02 of 2nd period - Martin Hanzal wins face-off versus Vladimir Sobotka in Wolfes zone.
18:13 of 2nd period - Slapshot by Kyle Rau.
18:13 of 2nd period - Stopped by Antti Raanta without a rebound.
18:14 of 2nd period - Vladimir Sobotka wins face-off versus Martin Hanzal in Inferno zone.
18:56 of 2nd period - Penalty to Jake DeBrusk is over, Jake DeBrusk is back on ice.
19:01 of 2nd period - Vladimir Sobotka is hit by Sebastian Aho and loses puck.
19:10 of 2nd period - Wrist shot by Sebastian Aho.
19:10 of 2nd period - Stopped by Antti Raanta with a rebound.
19:12 of 2nd period - Wrist shot by Damon Severson.
19:12 of 2nd period - Deflect By Sebastian Aho.
19:12 of 2nd period - Stopped by Antti Raanta without a rebound.
19:13 of 2nd period - Martin Hanzal wins face-off versus Victor Rask in Inferno zone.
19:14 of 2nd period - Wrist shot by Alexandre Grenier.
19:14 of 2nd period - Stopped by Antti Raanta with a rebound.
19:24 of 2nd period - Wrist shot by Matthew Nieto.
19:24 of 2nd period - Deflect By Victor Rask.
19:24 of 2nd period - Stopped by Ebbe Siönäs with a rebound.
19:29 of 2nd period - Minor Penalty to Alexandre Grenier for Holding.
19:30 of 2nd period - Martin Hanzal wins face-off versus Victor Rask in Wolfes zone.
19:46 of 2nd period - Wrist shot by Tanner Pearson.
19:46 of 2nd period - Shot Blocked by Damon Severson.
19:56 of 2nd period - Slapshot by Matthew Nieto.
19:56 of 2nd period - Stopped by Ebbe Siönäs with a rebound.
19:58 of 2nd period - Wrist shot by Chris Brown.
19:58 of 2nd period - Shot Misses the Net.
Goals for this period are 2 for Inferno vs 3 for Wolfes.
Shots for this period are 16 for Inferno vs 14 for Wolfes.
3rd period
0:01 of 3rd period - Martin Hanzal wins face-off versus Victor Rask in neutral zone.
0:04 of 3rd period - Victor Rask is hit by Martin Hanzal and loses puck.
0:25 of 3rd period - Martin Hanzal is hit by Matthew Nieto and loses puck.
1:29 of 3rd period - Penalty to Alexandre Grenier is over, Alexandre Grenier is back on ice.
1:50 of 3rd period - Snap shot by Blake Pietila.
1:50 of 3rd period - Shot Misses the Net.
2:12 of 3rd period - Snap shot by Matthew Highmore.
2:12 of 3rd period - Shot Blocked by Greg Pateryn.
2:46 of 3rd period - Minor Penalty to David Savard for Holding.
2:47 of 3rd period - Martin Hanzal wins face-off versus Vladimir Sobotka in Inferno zone.
3:18 of 3rd period - Esa Lindell is hit by Lawson Crouse and loses puck.
3:19 of 3rd period - Esa Lindell from Inferno is injured at 3:19 of 3rd period (Broken Right Foot Toe).
3:20 of 3rd period - Blake Pietila wins face-off versus Vladimir Sobotka in Inferno zone.
3:23 of 3rd period - Snap shot by Alexandre Grenier.
3:23 of 3rd period - Deflect By Martin Hanzal.
3:23 of 3rd period - Shot Misses the Net.
3:23 of 3rd period - Puck is out of play.
3:24 of 3rd period - Vladimir Sobotka wins face-off versus Martin Hanzal in Inferno zone.
4:39 of 3rd period - Petteri Lindbohm is hit by Alexandre Grenier and loses puck.
4:46 of 3rd period - Penalty to David Savard is over, David Savard is back on ice.
5:12 of 3rd period - Snap shot by Jamie Oleksiak.
5:12 of 3rd period - Deflect By Jake DeBrusk.
5:12 of 3rd period - Stopped by Antti Raanta with a rebound.
5:22 of 3rd period - Minor Penalty to Greg Pateryn for Roughing.
5:23 of 3rd period - Vladimir Sobotka wins face-off versus Kyle Rau in Inferno zone.
5:31 of 3rd period - Wrist shot by Kyle Rau.
5:31 of 3rd period - Stopped by Antti Raanta without a rebound.
5:32 of 3rd period - Kyle Rau wins face-off versus Vladimir Sobotka in Inferno zone.
6:47 of 3rd period - Slapshot by David Savard.
6:47 of 3rd period - Shot Blocked by Jamie Oleksiak.
6:49 of 3rd period - Snap shot by Jake DeBrusk.
6:49 of 3rd period - Shot Misses the Net.
7:22 of 3rd period - Penalty to Greg Pateryn is over, Greg Pateryn is back on ice.
7:37 of 3rd period - Snap shot by Greg Pateryn.
7:37 of 3rd period - Stopped by Ebbe Siönäs with a rebound.
7:43 of 3rd period - Wrist shot by Kevin Labanc.
7:43 of 3rd period - Goal by Kevin Labanc - Inferno : 5 - Wolfes : 5.
7:44 of 3rd period - Martin Hanzal wins face-off versus Vladimir Sobotka in neutral zone.
7:51 of 3rd period - Jamie Oleksiak is hit by Bryan Rust.
9:15 of 3rd period - Minor Penalty to Joe Morrow for Holding.
9:16 of 3rd period - Kevin Labanc wins face-off versus Martin Hanzal in Wolfes zone.
9:49 of 3rd period - Slapshot by Petteri Lindbohm.
9:49 of 3rd period - Shot Misses the Net.
9:51 of 3rd period - Wrist shot by Matthew Nieto.
9:51 of 3rd period - Shot Misses the Net.
9:53 of 3rd period - Slapshot by Petteri Lindbohm.
9:53 of 3rd period - Goal by Petteri Lindbohm - Inferno : 6 - Wolfes : 5.
9:54 of 3rd period - Martin Hanzal wins face-off versus Vladimir Sobotka in neutral zone.
11:26 of 3rd period - Slapshot by Victor Olofsson.
11:26 of 3rd period - Stopped by Antti Raanta without a rebound.
11:27 of 3rd period - Martin Hanzal wins face-off versus Ryan Spooner in Inferno zone.
11:42 of 3rd period - Barclay Goodrow is hit by Jamie Oleksiak and loses puck.
11:55 of 3rd period - Slapshot by Vladimir Sobotka.
11:55 of 3rd period - Deflect By Tanner Pearson.
11:55 of 3rd period - Shot Blocked by Lawson Crouse.
11:55 of 3rd period - Puck is out of play.
11:56 of 3rd period - Vladimir Sobotka wins face-off versus Kyle Rau in Wolfes zone.
12:13 of 3rd period - Wrist shot by Kyle Rau.
12:13 of 3rd period - Stopped by Antti Raanta with a rebound.
12:15 of 3rd period - Slapshot by Jeffrey Foss.
12:15 of 3rd period - Stopped by Antti Raanta with a rebound.
12:17 of 3rd period - Snap shot by Lawson Crouse.
12:17 of 3rd period - Stopped by Antti Raanta without a rebound.
12:18 of 3rd period - Martin Hanzal wins face-off versus Kevin Labanc in Inferno zone.
12:27 of 3rd period - Snap shot by Matthew Nieto.
12:27 of 3rd period - Shot Blocked by Jamie Oleksiak.
12:29 of 3rd period - Wrist shot by Victor Rask.
12:29 of 3rd period - Shot Blocked by Jamie Oleksiak.
12:31 of 3rd period - Snap shot by Kevin Labanc.
12:31 of 3rd period - Deflect By Matthew Nieto.
12:31 of 3rd period - Stopped by Ebbe Siönäs without a rebound.
12:32 of 3rd period - Martin Hanzal wins face-off versus Vladimir Sobotka in Wolfes zone.
12:39 of 3rd period - Wrist shot by Alexandre Grenier.
12:39 of 3rd period - Shot Misses the Net.
13:25 of 3rd period - Wrist shot by Ryan Spooner.
13:25 of 3rd period - Shot Misses the Net.
13:27 of 3rd period - Snap shot by Barclay Goodrow.
13:27 of 3rd period - Stopped by Ebbe Siönäs with a rebound.
13:37 of 3rd period - Wrist shot by Lawson Crouse.
13:37 of 3rd period - Stopped by Antti Raanta with a rebound.
13:43 of 3rd period - Snap shot by Kyle Rau.
13:43 of 3rd period - Goal by Kyle Rau - Inferno : 6 - Wolfes : 6.
13:44 of 3rd period - Vladimir Sobotka wins face-off versus Martin Hanzal in neutral zone.
14:30 of 3rd period - Wrist shot by Victor Olofsson.
14:30 of 3rd period - Stopped by Antti Raanta without a rebound.
14:31 of 3rd period - Chris Brown wins face-off versus Victor Olofsson in Inferno zone.
14:44 of 3rd period - Slapshot by Evgeny Svechnikov.
14:44 of 3rd period - Deflect By Jake DeBrusk.
14:44 of 3rd period - Stopped by Ebbe Siönäs without a rebound.
14:45 of 3rd period - Martin Hanzal wins face-off versus Vladimir Sobotka in Wolfes zone.
15:08 of 3rd period - Minor Penalty to Damon Severson for Elbowing.
15:09 of 3rd period - Martin Hanzal wins face-off versus Victor Rask in Wolfes zone.
15:18 of 3rd period - Slapshot by Jamie Oleksiak.
15:18 of 3rd period - Shot Misses the Net.
16:31 of 3rd period - Snap shot by Victor Olofsson.
16:31 of 3rd period - Stopped by Antti Raanta without a rebound.
16:32 of 3rd period - Evgeny Svechnikov wins face-off versus Martin Hanzal in Inferno zone.
16:40 of 3rd period - Icing by Greg Pateryn.
16:41 of 3rd period - Blake Pietila wins face-off versus Chris Brown in Inferno zone.
16:52 of 3rd period - Alexandre Grenier is hit by Evgeny Svechnikov.
17:08 of 3rd period - Penalty to Damon Severson is over, Damon Severson is back on ice.
17:35 of 3rd period - Slapshot by Frank Corrado.
17:35 of 3rd period - Stopped by Ebbe Siönäs without a rebound.
17:36 of 3rd period - Sebastian Aho wins face-off versus Chris Brown in Wolfes zone.
17:42 of 3rd period - Off-side.
17:43 of 3rd period - Benn Ferriero wins face-off versus Chris Brown in neutral zone.
17:46 of 3rd period - Slapshot by Joe Morrow.
17:46 of 3rd period - Shot Blocked by Frank Corrado.
17:48 of 3rd period - Snap shot by Jeffrey Foss.
17:48 of 3rd period - Stopped by Antti Raanta without a rebound.
17:49 of 3rd period - Sebastian Aho wins face-off versus Chris Brown in Inferno zone.
17:58 of 3rd period - Snap shot by Sebastian Aho.
17:58 of 3rd period - Deflect By Eric Robinson.
17:58 of 3rd period - Shot Misses the Net.
17:58 of 3rd period - Puck is out of play.
17:59 of 3rd period - Sebastian Aho wins face-off versus Chris Brown in Inferno zone.
18:37 of 3rd period - Slapshot by David Savard.
18:37 of 3rd period - Stopped by Ebbe Siönäs without a rebound.
18:38 of 3rd period - Martin Hanzal wins face-off versus Vladimir Sobotka in Wolfes zone.
18:38 of 3rd period - Martin Hanzal is hit by Frank Corrado.
19:01 of 3rd period - Minor Penalty to Vladimir Sobotka for Hooking.
19:02 of 3rd period - Martin Hanzal wins face-off versus Kevin Labanc in Inferno zone.
Goals for this period are 2 for Inferno vs 1 for Wolfes.
Shots for this period are 8 for Inferno vs 11 for Wolfes.
Overtime #1
0:01 of 1st overtime period - Bryan Rust wins face-off versus Martin Hanzal in neutral zone.
0:43 of 1st overtime period - Slapshot by Damon Severson.
0:43 of 1st overtime period - Goal by Damon Severson - Inferno : 6 - Wolfes : 7.
Goals for this period are 0 for Inferno vs 1 for Wolfes.
Shots for this period are 0 for Inferno vs 1 for Wolfes.